Washington Capitals vs San Jose Sharks
Created - Thursday, May 15, 2025 at 07:39
Goals
|
| Washington Capitals |
2 |
2 |
1 |
5 |
| San Jose Sharks |
0 |
0 |
1 |
1 |
|
Shots
|
| Washington Capitals |
14 |
13 |
14 |
41 |
| San Jose Sharks |
7 |
14 |
3 |
24 |
|
1st period
1. Washington Capitals , Jordan Kyrou 29 (Nick Jensen 18, John Carlson 23) at 13:37 (PP)
2. Washington Capitals , Mikael Backlund 13 (Brad Marchand 44, Drake Batherson 39) at 15:39
Penalties :
Adam Henrique (SJS) for Unsportsmanlike conduct (Minor) at 3:59, Christopher Tanev (SJS) for Tripping (Minor) at 7:04, Kevin Fiala (SJS) for Hooking (Minor) at 12:59
2nd period
3. Washington Capitals , Jordan Kyrou 30 (Brad Marchand 45) at 3:17 (PP)
4. Washington Capitals , Jason Robertson 22 (Nico Hischier 53, Alex Ovechkin 32) at 14:07
Penalties :
Adam Henrique (SJS) for Slashing (Minor) at 3:14, Adam Henrique (SJS) for Tripping (Minor) at 6:29, Thomas Harley (WSH) for Holding Stick (Minor) at 11:12
3rd period
5. Washington Capitals , Drake Batherson 30 (John Carlson 24, Brad Marchand 46) at 9:42
6. San Jose Sharks , Christopher Tanev 8 (Kevin Fiala 44, Calle Jarnkrok 6) at 9:50
Penalties :
Max Domi (SJS) for Tripping (Minor) at 5:41, Alec Martinez (SJS) for Fighting (Major) at 12:50, Michael McLeod (WSH) for Fighting (Major) at 12:50, Max Domi (SJS) for Fighting (Major) at 13:37, Nick Foligno (WSH) for Fighting (Major) at 13:37, Ilya Mikheyev (SJS) for High sticking (Minor) at 14:15
Goalie Stats
Jake Oettinger (WSH), 23 saves from 24 shots - (0.958), W, 36-14-2, 60:00 minutes
Stuart Skinner (SJS), 36 saves from 41 shots - (0.878), L, 30-15-6, 60:00 minutes
Players Stats for Washington Capitals
Player Name G A P +/- PIM S H SB GA TA FO MP PP MP PK MP
------------------------------------------------------------------------------------
Alex Ovechkin 0 1 1 0 0 4 0 0 0 1 2/2 18:40 5:12 0:00
Brad Marchand 0 3 3 2 0 6 1 0 0 0 1/1 18:15 5:23 0:00
Derek Forbort 0 0 0 0 0 0 1 1 0 0 0/0 15:15 0:04 1:12
Drake Batherson 1 1 2 2 0 4 0 1 1 0 0/3 18:15 5:23 0:00
Fabian Zetterlund 0 0 0 0 0 1 3 0 0 0 0/1 10:36 0:00 0:00
Ian Cole 0 0 0 1 0 3 2 0 0 0 0/0 14:18 0:00 0:47
Jamie Oleksiak 0 0 0 1 0 1 0 4 0 0 0/0 25:23 4:57 1:12
Jason Robertson 1 0 1 0 0 4 3 0 2 0 0/3 19:41 5:12 1:01
John Carlson 0 2 2 2 0 0 1 2 0 0 0/0 20:03 5:39 0:00
Jordan Kyrou 2 0 2 0 0 5 0 0 1 1 2/4 15:41 5:23 0:12
Michael McLeod 0 0 0 0 5 1 0 0 0 1 1/5 10:27 0:00 0:46
Mikael Backlund 1 0 1 2 0 2 1 0 0 1 6/15 13:46 0:00 1:01
Nick Foligno 0 0 0 0 5 2 3 1 0 0 3/4 11:13 0:01 0:58
Nick Jensen 0 1 1 1 0 1 1 3 0 0 0/0 20:41 5:39 0:47
Nico Hischier 0 1 1 0 0 3 2 0 0 0 12/23 18:54 5:12 0:00
Owen Tippett 0 0 0 0 0 2 0 0 0 0 0/0 11:20 0:01 0:00
Thomas Harley 0 0 0 -1 2 1 2 0 0 3 0/0 24:23 4:53 0:00
Yegor Chinakhov 0 0 0 0 0 1 0 1 0 0 0/0 11:07 0:01 0:00
Players Stats for San Jose Sharks
Player Name G A P +/- PIM S H SB GA TA FO MP PP MP PK MP
------------------------------------------------------------------------------------
Adam Henrique 0 0 0 0 6 2 3 1 0 0 13/23 17:55 0:58 2:59
Alec Martinez 0 0 0 0 5 1 0 0 0 0 0/0 14:20 0:40 1:17
Brandon Tanev 0 0 0 0 0 0 0 0 0 0 1/3 14:41 0:58 2:18
Calle Jarnkrok 0 1 1 0 0 1 2 0 0 1 0/0 12:48 0:00 0:00
Christopher Tanev 1 0 1 1 2 1 0 1 0 0 0/0 20:22 0:40 4:34
Connor Murphy 0 0 0 -3 0 0 2 2 0 0 0/0 26:26 1:19 5:03
Dmitry Orlov 0 0 0 0 0 2 2 2 0 0 0/0 17:31 0:00 4:52
Eeli Tolvanen 0 0 0 0 0 3 3 0 0 0 0/0 8:49 0:00 0:00
Ilya Mikheyev 0 0 0 0 2 4 1 0 0 0 0/1 10:14 0:09 0:00
Jonathan Drouin 0 0 0 -2 0 2 2 0 4 0 2/3 19:10 1:01 4:51
Kevin Fiala 0 1 1 0 2 3 1 1 2 0 0/2 19:31 0:58 4:47
Marcus Pettersson 0 0 0 -3 0 1 2 3 0 1 0/0 26:28 1:19 5:03
Matthew Knies 0 0 0 -2 0 1 1 1 0 0 0/1 15:00 1:01 0:35
Max Domi 0 0 0 0 7 0 0 0 1 1 3/6 11:30 0:00 0:50
Nick Perbix 0 0 0 1 0 0 2 1 0 1 0/0 14:51 0:00 0:23
Noel Acciari 0 0 0 0 0 1 1 0 0 0 3/3 9:01 0:00 0:06
Ryan Johansen 0 0 0 -2 0 2 0 0 0 0 12/19 19:13 0:52 4:46
T.J. Oshie 0 0 0 0 0 0 2 0 0 0 0/0 11:25 0:00 0:00
3 Stars
1 - Brad Marchand (WSH)
2 - Drake Batherson (WSH)
3 - Jordan Kyrou (WSH)
Power Play
Washington Capitals - 2 on 7 Attempt(s) - 28.57%
San Jose Sharks - 0 on 1 Attempt(s) - 0.00%
Penalty Kill
Washington Capitals - 1 on 1 Attempt(s) - 100.00%
- Score 0 goal in Penalty Kill
San Jose Sharks - 5 on 7 Attempt(s) - 71.43%
- Score 0 goal in Penalty Kill
Team Stat
Washington Capitals - Hits : 20 - Faceoff Wins : 27 - Blocked Shots : 13 - Penalty Minutes : 12
San Jose Sharks - Hits : 24 - Faceoff Wins : 34 - Blocked Shots : 12 - Penalty Minutes : 24
Official
Referees : Beaudry Halkidis and Ian Walsh
Linesman : Brandon Gawryletz and Mark Shewchyk
Game Notes
Michael McLeod beats up Alec Martinez at 12:50 of 3rd period
Max Domi and Nick Foligno fight to a draw at 13:37 of 3rd period
Finance
Level 1 -- Attendance: 4932 (82.20%) -- Ticket Income $478,404
Level 2 -- Attendance: 4561 (91.22%) -- Ticket Income $259,977
Level 3 -- Attendance: 2986 (99.53%) -- Ticket Income $98,538
Level 4 -- Attendance: 4519 (90.38%) -- Ticket Income $99,418
Luxury Box -- Attendance: 1000 (100.00%) -- Ticket Income $193,000
Game was played at the SAP Center at San Jose.
Total Attendance: 17998 (89.99%)
Total Ticket Income: $1,129,337
Other Income: $395,268
Total Income: $1,524,605
Washington Capitals
5 vs 5 Forward
Center Left Wing Right Wing Time % Phy DF OF
1 Nico Hischier Alex Ovechkin Jason Robertson 30 1 2 2
2 Mikael Backlund Brad Marchand Drake Batherson 30 1 2 2
3 Nick Foligno Owen Tippett Jordan Kyrou 25 1 2 2
4 Michael McLeod Yegor Chinakhov Fabian Zetterlund 15 1 2 2
5 vs 5 Defense
Defense Defense Time % Phy DF OF
1 John Carlson Jamie Oleksiak 30 1 2 2
2 Thomas Harley Derek Forbort 30 1 2 2
3 Ian Cole Nick Jensen 25 1 2 2
4 Thomas Harley Jamie Oleksiak 15 1 2 2
PowerPlay Forward
Center Left Wing Right Wing Time % Phy DF OF
1 Nico Hischier Alex Ovechkin Jason Robertson 50 1 2 2
2 Jordan Kyrou Brad Marchand Drake Batherson 50 1 2 2
PowerPlay Defense
Defense Defense Time % Phy DF OF
1 John Carlson Nick Jensen 50 1 2 2
2 Thomas Harley Jamie Oleksiak 50 1 2 2
Penalty Kill 4 Players Forward
Center Wing Time % Phy DF OF
1 Mikael Backlund Jason Robertson 50 1 2 2
2 Michael McLeod Nick Foligno 50 1 2 2
Penalty Kill 4 Players Defense
Defense Defense Time % Phy DF OF
1 Derek Forbort Jamie Oleksiak 50 1 2 2
2 Nick Jensen Ian Cole 50 1 2 2
Penalty Kill - 3 Players Forward
Forward Time % Phy DF OF
1 Mikael Backlund 50 1 2 2
2 Michael McLeod 50 1 2 2
Penalty Kill - 3 Players Defense
Defense Defense Time % Phy DF OF
1 Derek Forbort Jamie Oleksiak 50 1 2 2
2 Nick Jensen Ian Cole 50 1 2 2
4 vs 4 Forward
Center Wing Time % Phy DF OF
1 Nico Hischier Alex Ovechkin 50 1 2 2
2 Jordan Kyrou Jason Robertson 50 1 2 2
4 vs 4 Defense
Defense Defense Time % Phy DF OF
1 John Carlson Nick Jensen 50 1 2 2
2 Thomas Harley Jamie Oleksiak 50 1 2 2
Last Minutes Offensive
Center Left Wing Right Wing Defense Defense
Nico Hischier Alex Ovechkin Jason Robertson John Carlson Thomas Harley
Last Minutes Defensive
Center Left Wing Right Wing Defense Defense
Mikael Backlund Brad Marchand Nick Foligno Derek Forbort Jamie Oleksiak
Goaltenders
Starting : Jake Oettinger
Backup : Sergei Bobrovsky
Extra Forwards
Normal : Jordan Kyrou, Nick Foligno, Owen Tippett - PP : Drake Batherson, Owen Tippett - PK : Jordan Kyrou
Extra Defensemen
Normal : Derek Forbort, Nick Jensen, Thomas Harley - PP : Derek Forbort - PK : Nick Jensen, Thomas Harley
Penalty Shots
Jason Robertson, Drake Batherson, Yegor Chinakhov, John Carlson, Jordan Kyrou
Scratches
Stefan Noesen (Healthy)
San Jose Sharks
5 vs 5 Forward
Center Left Wing Right Wing Time % Phy DF OF
1 Adam Henrique Kevin Fiala Calle Jarnkrok 30 1 2 2
2 Ryan Johansen Matthew Knies Jonathan Drouin 30 1 2 2
3 Max Domi Brandon Tanev T.J. Oshie 25 1 2 2
4 Noel Acciari Eeli Tolvanen Ilya Mikheyev 15 1 2 2
5 vs 5 Defense
Defense Defense Time % Phy DF OF
1 Marcus Pettersson Connor Murphy 30 1 2 2
2 Christopher Tanev Nick Perbix 30 1 2 2
3 Dmitry Orlov Alec Martinez 25 1 2 2
4 Marcus Pettersson Connor Murphy 15 1 2 2
PowerPlay Forward
Center Left Wing Right Wing Time % Phy DF OF
1 Adam Henrique Kevin Fiala Brandon Tanev 50 1 2 2
2 Ryan Johansen Matthew Knies Jonathan Drouin 50 1 2 2
PowerPlay Defense
Defense Defense Time % Phy DF OF
1 Marcus Pettersson Connor Murphy 50 1 2 2
2 Christopher Tanev Alec Martinez 50 1 2 2
Penalty Kill 4 Players Forward
Center Wing Time % Phy DF OF
1 Adam Henrique Kevin Fiala 50 1 2 2
2 Ryan Johansen Jonathan Drouin 50 1 2 2
Penalty Kill 4 Players Defense
Defense Defense Time % Phy DF OF
1 Marcus Pettersson Connor Murphy 50 1 2 2
2 Christopher Tanev Dmitry Orlov 50 1 2 2
Penalty Kill - 3 Players Forward
Forward Time % Phy DF OF
1 Adam Henrique 50 1 2 2
2 Noel Acciari 50 1 2 2
Penalty Kill - 3 Players Defense
Defense Defense Time % Phy DF OF
1 Marcus Pettersson Connor Murphy 50 1 2 2
2 Christopher Tanev Alec Martinez 50 1 2 2
4 vs 4 Forward
Center Wing Time % Phy DF OF
1 Adam Henrique Kevin Fiala 50 1 2 2
2 Ryan Johansen Calle Jarnkrok 50 1 2 2
4 vs 4 Defense
Defense Defense Time % Phy DF OF
1 Marcus Pettersson Connor Murphy 50 1 2 2
2 Christopher Tanev Dmitry Orlov 50 1 2 2
Last Minutes Offensive
Center Left Wing Right Wing Defense Defense
Adam Henrique Kevin Fiala Calle Jarnkrok Marcus Pettersson Connor Murphy
Last Minutes Defensive
Center Left Wing Right Wing Defense Defense
Adam Henrique Kevin Fiala Calle Jarnkrok Marcus Pettersson Connor Murphy
Goaltenders
Starting : Stuart Skinner
Backup : Tristan Jarry
Extra Forwards
Normal : Ilya Mikheyev, Ryan Johansen, Brandon Tanev - PP : Ilya Mikheyev, Ryan Johansen - PK : Brandon Tanev
Extra Defensemen
Normal : Dmitry Orlov, Alec Martinez, Christopher Tanev - PP : Dmitry Orlov - PK : Alec Martinez, Christopher Tanev
Penalty Shots
Adam Henrique, Kevin Fiala, Ryan Johansen, Jonathan Drouin, T.J. Oshie
Scratches
Kasperi Kapanen (Healthy), Clay Stevenson (Healthy)
% Time on Ice - Washington Capitals
Lines # - Real PCT - Wanted PCT - Time Play
Normal Forward
1 - 28% - 30% - 13:28
2 - 28% - 30% - 13:16
3 - 21% - 25% - 10:05
4 - 22% - 15% - 10:36
Normal Defense
1 - 30% - 30% - 14:24
2 - 29% - 30% - 13:49
3 - 28% - 25% - 13:19
4 - 12% - 15% - 5:53
PP Forward
1 - 49% - 50% - 5:12
2 - 51% - 50% - 5:24
PP Defense
1 - 53% - 50% - 5:39
2 - 47% - 50% - 4:57
PK Forward
1 - 51% - 50% - 1:01
2 - 49% - 50% - 0:58
PK Defense
1 - 61% - 50% - 1:12
2 - 39% - 50% - 0:47
PK3 Forward
1 - 0% - 50%
2 - 0% - 50%
PK3 Defense
1 - 0% - 50%
2 - 0% - 50%
44 Forward
1 - 0% - 50%
2 - 0% - 50%
44 Defense
1 - 0% - 50%
2 - 0% - 50%
Last Minute Offensive - 0:00
Last Minute Defensive - 0:00
Total
Forward - 60:00
Defense - 60:00
|
% Time on Ice - San Jose Sharks
Lines # - Real PCT - Wanted PCT - Time Play
Normal Forward
1 - 29% - 30% - 13:47
2 - 28% - 30% - 13:24
3 - 24% - 25% - 11:25
4 - 19% - 15% - 8:49
Normal Defense
1 - 31% - 30% - 14:32
2 - 32% - 30% - 15:07
3 - 26% - 25% - 12:14
4 - 12% - 15% - 5:32
PP Forward
1 - 49% - 50% - 0:58
2 - 51% - 50% - 1:01
PP Defense
1 - 66% - 50% - 1:19
2 - 34% - 50% - 0:40
PK Forward
1 - 52% - 50% - 5:29
2 - 48% - 50% - 5:07
PK Defense
1 - 48% - 50% - 5:03
2 - 52% - 50% - 5:33
PK3 Forward
1 - 0% - 50%
2 - 0% - 50%
PK3 Defense
1 - 0% - 50%
2 - 0% - 50%
44 Forward
1 - 0% - 50%
2 - 0% - 50%
44 Defense
1 - 0% - 50%
2 - 0% - 50%
Last Minute Offensive - 0:00
Last Minute Defensive - 0:00
Total
Forward - 60:00
Defense - 60:00
|
Play-by-Play
1st period
0:01 of 1st period - Nico Hischier wins face-off versus Adam Henrique in neutral zone.
0:11 of 1st period - Wrist shot by Kevin Fiala.
0:11 of 1st period - Stopped by Jake Oettinger without a rebound.
0:12 of 1st period - Mikael Backlund wins face-off versus Matthew Knies in Washington Capitals zone.
0:17 of 1st period - Wrist shot by Brad Marchand.
0:17 of 1st period - Shot Blocked by Christopher Tanev.
1:01 of 1st period - Icing by Alec Martinez.
1:02 of 1st period - Noel Acciari wins face-off versus Michael McLeod in San Jose Sharks zone.
1:17 of 1st period - Snap shot by Eeli Tolvanen.
1:17 of 1st period - Stopped by Jake Oettinger with a rebound.
1:33 of 1st period - Snap shot by Ilya Mikheyev.
1:33 of 1st period - Shot Misses the Net.
1:45 of 1st period - Slapshot by Ilya Mikheyev.
1:45 of 1st period - Shot Blocked by Nick Jensen.
1:55 of 1st period - Snap shot by Ilya Mikheyev.
1:55 of 1st period - Shot Misses the Net.
1:57 of 1st period - Snap shot by Ilya Mikheyev.
1:57 of 1st period - Stopped by Jake Oettinger with a rebound.
1:59 of 1st period - Wrist shot by Eeli Tolvanen.
1:59 of 1st period - Shot Misses the Net.
2:01 of 1st period - Slapshot by Noel Acciari.
2:01 of 1st period - Shot Misses the Net.
2:03 of 1st period - Wrist shot by Ilya Mikheyev.
2:03 of 1st period - Shot Misses the Net.
2:13 of 1st period - Slapshot by Eeli Tolvanen.
2:13 of 1st period - Shot Misses the Net.
2:15 of 1st period - Slapshot by Dmitry Orlov.
2:15 of 1st period - Deflect By Fabian Zetterlund.
2:15 of 1st period - Stopped by Jake Oettinger with a rebound.
2:21 of 1st period - Wrist shot by Eeli Tolvanen.
2:21 of 1st period - Shot Misses the Net.
2:23 of 1st period - Snap shot by Eeli Tolvanen.
2:23 of 1st period - Stopped by Jake Oettinger without a rebound.
2:24 of 1st period - Nico Hischier wins face-off versus Adam Henrique in Washington Capitals zone.
2:51 of 1st period - Connor Murphy is hit by Nick Foligno and loses puck.
3:14 of 1st period - Snap shot by Drake Batherson.
3:14 of 1st period - Stopped by Stuart Skinner without a rebound.
3:15 of 1st period - Max Domi wins face-off versus Mikael Backlund in San Jose Sharks zone.
3:49 of 1st period - Wrist shot by Nico Hischier.
3:49 of 1st period - Stopped by Stuart Skinner with a rebound.
3:59 of 1st period - Minor Penalty to Adam Henrique for Unsportsmanlike conduct.
4:00 of 1st period - Nico Hischier wins face-off versus Brandon Tanev in San Jose Sharks zone.
4:11 of 1st period - Snap shot by Nico Hischier.
4:11 of 1st period - Shot Misses the Net.
4:58 of 1st period - Snap shot by Brandon Tanev.
4:58 of 1st period - Shot Misses the Net.
5:14 of 1st period - Nico Hischier is hit by Dmitry Orlov and loses puck.
5:49 of 1st period - John Carlson is hit by Marcus Pettersson and loses puck.
5:59 of 1st period - Penalty to Adam Henrique is over, Adam Henrique is back on ice.
6:10 of 1st period - John Carlson is hit by Eeli Tolvanen.
6:24 of 1st period - Derek Forbort is hit by Eeli Tolvanen and loses puck.
7:04 of 1st period - Minor Penalty to Christopher Tanev for Tripping.
7:05 of 1st period - Ryan Johansen wins face-off versus Jordan Kyrou in San Jose Sharks zone.
9:04 of 1st period - Penalty to Christopher Tanev is over, Christopher Tanev is back on ice.
9:49 of 1st period - Ian Cole is hit by Kevin Fiala and loses puck.
10:44 of 1st period - John Carlson is hit by Nick Perbix and loses puck.
11:27 of 1st period - Noel Acciari is hit by Ian Cole and loses puck.
12:08 of 1st period - Ryan Johansen is hit by Nico Hischier and loses puck.
12:59 of 1st period - Minor Penalty to Kevin Fiala for Hooking.
13:00 of 1st period - Ryan Johansen wins face-off versus Nico Hischier in San Jose Sharks zone.
13:31 of 1st period - Wrist shot by Jordan Kyrou.
13:31 of 1st period - Shot Misses the Net.
13:33 of 1st period - Snap shot by John Carlson.
13:33 of 1st period - Shot Blocked by Dmitry Orlov.
13:35 of 1st period - Slapshot by Nick Jensen.
13:35 of 1st period - Stopped by Stuart Skinner with a rebound.
13:37 of 1st period - Wrist shot by Jordan Kyrou.
13:37 of 1st period - Goal by Jordan Kyrou - Washington Capitals : 1 - San Jose Sharks : 0.
13:38 of 1st period - Nico Hischier wins face-off versus Jonathan Drouin in neutral zone.
13:45 of 1st period - Slapshot by Jason Robertson.
13:45 of 1st period - Stopped by Stuart Skinner with a rebound.
13:47 of 1st period - Slapshot by Alex Ovechkin.
13:47 of 1st period - Shot Misses the Net.
13:49 of 1st period - Slapshot by John Carlson.
13:49 of 1st period - Shot Blocked by Marcus Pettersson.
13:51 of 1st period - Slapshot by Jamie Oleksiak.
13:51 of 1st period - Stopped by Stuart Skinner without a rebound.
13:52 of 1st period - Mikael Backlund wins face-off versus Ryan Johansen in San Jose Sharks zone.
13:53 of 1st period - Wrist shot by Brad Marchand.
13:53 of 1st period - Stopped by Stuart Skinner with a rebound.
14:07 of 1st period - Backhand shot by Drake Batherson.
14:07 of 1st period - Shot Misses the Net.
14:44 of 1st period - Derek Forbort is hit by T.J. Oshie and loses puck.
15:05 of 1st period - Snap shot by Ryan Johansen.
15:05 of 1st period - Stopped by Jake Oettinger without a rebound.
15:06 of 1st period - Ryan Johansen wins face-off versus Mikael Backlund in Washington Capitals zone.
15:31 of 1st period - Slapshot by Brad Marchand.
15:31 of 1st period - Shot Misses the Net.
15:33 of 1st period - Wrist shot by Brad Marchand.
15:33 of 1st period - Stopped by Stuart Skinner with a rebound.
15:37 of 1st period - Snap shot by Brad Marchand.
15:37 of 1st period - Shot Blocked by Matthew Knies.
15:39 of 1st period - Snap shot by Mikael Backlund.
15:39 of 1st period - Goal by Mikael Backlund - Washington Capitals : 2 - San Jose Sharks : 0.
15:40 of 1st period - Alex Ovechkin wins face-off versus Adam Henrique in neutral zone.
15:43 of 1st period - Slapshot by Alex Ovechkin.
15:43 of 1st period - Stopped by Stuart Skinner with a rebound.
15:45 of 1st period - Slapshot by Jamie Oleksiak.
15:45 of 1st period - Shot Misses the Net.
15:47 of 1st period - Wrist shot by Nico Hischier.
15:47 of 1st period - Shot Misses the Net.
15:55 of 1st period - Snap shot by Alex Ovechkin.
15:55 of 1st period - Stopped by Stuart Skinner without a rebound.
15:56 of 1st period - Ryan Johansen wins face-off versus Nick Foligno in San Jose Sharks zone.
16:23 of 1st period - Marcus Pettersson is hit by Jason Robertson and loses puck.
17:08 of 1st period - Snap shot by Ryan Johansen.
17:08 of 1st period - Shot Blocked by Nick Foligno.
17:24 of 1st period - Derek Forbort is hit by Connor Murphy and loses puck.
17:50 of 1st period - Calle Jarnkrok is hit by Jason Robertson and loses puck.
18:19 of 1st period - Slapshot by Owen Tippett.
18:19 of 1st period - Stopped by Stuart Skinner with a rebound.
18:21 of 1st period - Slapshot by John Carlson.
18:21 of 1st period - Shot Blocked by Kevin Fiala.
18:34 of 1st period - Off-side.
18:35 of 1st period - Ryan Johansen wins face-off versus Mikael Backlund in neutral zone.
18:40 of 1st period - Snap shot by Jonathan Drouin.
18:40 of 1st period - Stopped by Jake Oettinger with a rebound.
19:04 of 1st period - Slapshot by Drake Batherson.
19:04 of 1st period - Stopped by Stuart Skinner with a rebound.
19:06 of 1st period - Slapshot by Jamie Oleksiak.
19:06 of 1st period - Deflect By Brad Marchand.
19:06 of 1st period - Shot Misses the Net.
19:06 of 1st period - Puck is out of play.
19:07 of 1st period - Max Domi wins face-off versus Nico Hischier in San Jose Sharks zone.
19:20 of 1st period - Snap shot by Brandon Tanev.
19:20 of 1st period - Shot Blocked by John Carlson.
19:34 of 1st period - Owen Tippett is hit by Calle Jarnkrok and loses puck.
19:43 of 1st period - John Carlson is hit by Nick Perbix.
19:55 of 1st period - Slapshot by Brad Marchand.
19:55 of 1st period - Stopped by Stuart Skinner with a rebound.
Goals for this period are 2 for Washington Capitals vs 0 for San Jose Sharks.
Shots for this period are 14 for Washington Capitals vs 7 for San Jose Sharks.
2nd period
0:01 of 2nd period - Nico Hischier wins face-off versus Max Domi in neutral zone.
0:35 of 2nd period - Icing by Marcus Pettersson.
0:36 of 2nd period - Adam Henrique wins face-off versus Mikael Backlund in San Jose Sharks zone.
1:27 of 2nd period - Wrist shot by Eeli Tolvanen.
1:27 of 2nd period - Shot Blocked by Jamie Oleksiak.
1:29 of 2nd period - Snap shot by Ilya Mikheyev.
1:29 of 2nd period - Deflect By Nick Foligno.
1:29 of 2nd period - Stopped by Jake Oettinger with a rebound.
1:31 of 2nd period - Slapshot by Noel Acciari.
1:31 of 2nd period - Shot Blocked by Jamie Oleksiak.
1:35 of 2nd period - Wrist shot by Eeli Tolvanen.
1:35 of 2nd period - Deflect By Noel Acciari.
1:35 of 2nd period - Stopped by Jake Oettinger with a rebound.
1:53 of 2nd period - Slapshot by Fabian Zetterlund.
1:53 of 2nd period - Stopped by Stuart Skinner without a rebound.
1:54 of 2nd period - Nico Hischier wins face-off versus Ryan Johansen in San Jose Sharks zone.
2:49 of 2nd period - Snap shot by Michael McLeod.
2:49 of 2nd period - Stopped by Stuart Skinner with a rebound.
2:51 of 2nd period - Slapshot by Ian Cole.
2:51 of 2nd period - Stopped by Stuart Skinner with a rebound.
2:53 of 2nd period - Slapshot by Yegor Chinakhov.
2:53 of 2nd period - Stopped by Stuart Skinner without a rebound.
2:54 of 2nd period - Nico Hischier wins face-off versus Ryan Johansen in San Jose Sharks zone.
3:01 of 2nd period - Snap shot by Nico Hischier.
3:01 of 2nd period - Shot Blocked by Connor Murphy.
3:03 of 2nd period - Snap shot by Nick Jensen.
3:03 of 2nd period - Shot Blocked by Connor Murphy.
3:05 of 2nd period - Wrist shot by Ian Cole.
3:05 of 2nd period - Stopped by Stuart Skinner with a rebound.
3:07 of 2nd period - Snap shot by Nico Hischier.
3:07 of 2nd period - Stopped by Stuart Skinner without a rebound.
3:08 of 2nd period - Nick Foligno wins face-off versus Adam Henrique in San Jose Sharks zone.
3:09 of 2nd period - Snap shot by Jordan Kyrou.
3:09 of 2nd period - Deflect By Owen Tippett.
3:09 of 2nd period - Shot Misses the Net.
3:09 of 2nd period - Puck is out of play.
3:10 of 2nd period - Nick Foligno wins face-off versus Adam Henrique in San Jose Sharks zone.
3:14 of 2nd period - Minor Penalty to Adam Henrique for Slashing.
3:15 of 2nd period - Jordan Kyrou wins face-off versus Brandon Tanev in San Jose Sharks zone.
3:15 of 2nd period - Snap shot by Brad Marchand.
3:15 of 2nd period - Shot Blocked by Marcus Pettersson.
3:17 of 2nd period - Slapshot by Jordan Kyrou.
3:17 of 2nd period - Goal by Jordan Kyrou - Washington Capitals : 3 - San Jose Sharks : 0.
3:18 of 2nd period - Ryan Johansen wins face-off versus Jason Robertson in neutral zone.
3:21 of 2nd period - Alex Ovechkin is hit by Jonathan Drouin and loses puck.
3:44 of 2nd period - Brandon Tanev is hit by Mikael Backlund and loses puck.
4:11 of 2nd period - Snap shot by Kevin Fiala.
4:11 of 2nd period - Stopped by Jake Oettinger with a rebound.
4:20 of 2nd period - Adam Henrique is hit by Nick Foligno and loses puck.
5:52 of 2nd period - Off-side.
5:53 of 2nd period - Jonathan Drouin wins face-off versus Mikael Backlund in neutral zone.
5:56 of 2nd period - Snap shot by Jonathan Drouin.
5:56 of 2nd period - Shot Blocked by Drake Batherson.
5:58 of 2nd period - Wrist shot by Matthew Knies.
5:58 of 2nd period - Shot Misses the Net.
6:00 of 2nd period - Backhand shot by Matthew Knies.
6:00 of 2nd period - Stopped by Jake Oettinger with a rebound.
6:02 of 2nd period - Slapshot by Dmitry Orlov.
6:02 of 2nd period - Stopped by Jake Oettinger without a rebound.
6:03 of 2nd period - Ryan Johansen wins face-off versus Mikael Backlund in Washington Capitals zone.
6:14 of 2nd period - Wrist shot by Jonathan Drouin.
6:14 of 2nd period - Stopped by Jake Oettinger with a rebound.
6:16 of 2nd period - Snap shot by Matthew Knies.
6:16 of 2nd period - Shot Misses the Net.
6:18 of 2nd period - Slapshot by Alec Martinez.
6:18 of 2nd period - Stopped by Jake Oettinger without a rebound.
6:19 of 2nd period - Adam Henrique wins face-off versus Jason Robertson in Washington Capitals zone.
6:22 of 2nd period - Snap shot by Kevin Fiala.
6:22 of 2nd period - Shot Blocked by Jamie Oleksiak.
6:29 of 2nd period - Minor Penalty to Adam Henrique for Tripping.
6:30 of 2nd period - Brandon Tanev wins face-off versus Jordan Kyrou in San Jose Sharks zone.
6:30 of 2nd period - Brandon Tanev is hit by Thomas Harley.
7:26 of 2nd period - Nico Hischier is hit by Dmitry Orlov and loses puck.
8:23 of 2nd period - Connor Murphy is hit by John Carlson and loses puck.
8:29 of 2nd period - Penalty to Adam Henrique is over, Adam Henrique is back on ice.
9:35 of 2nd period - Jordan Kyrou is hit by Adam Henrique and loses puck.
10:34 of 2nd period - John Carlson is hit by Ilya Mikheyev and loses puck.
10:43 of 2nd period - Wrist shot by Ilya Mikheyev.
10:43 of 2nd period - Shot Misses the Net.
10:54 of 2nd period - Icing by Brandon Tanev.
10:55 of 2nd period - Max Domi wins face-off versus Nico Hischier in San Jose Sharks zone.
10:55 of 2nd period - Max Domi is hit by Nico Hischier.
11:01 of 2nd period - Thomas Harley is hit by T.J. Oshie and loses puck.
11:12 of 2nd period - Minor Penalty to Thomas Harley for Holding Stick.
11:13 of 2nd period - Adam Henrique wins face-off versus Mikael Backlund in Washington Capitals zone.
11:27 of 2nd period - Snap shot by Kevin Fiala.
11:27 of 2nd period - Shot Misses the Net.
11:29 of 2nd period - Snap shot by Adam Henrique.
11:29 of 2nd period - Stopped by Jake Oettinger with a rebound.
11:50 of 2nd period - Ian Cole is hit by Jonathan Drouin and loses puck.
13:05 of 2nd period - Icing by Jonathan Drouin.
13:06 of 2nd period - Jordan Kyrou wins face-off versus Ilya Mikheyev in San Jose Sharks zone.
13:07 of 2nd period - Wrist shot by Nick Foligno.
13:07 of 2nd period - Stopped by Stuart Skinner with a rebound.
13:12 of 2nd period - Penalty to Thomas Harley is over, Thomas Harley is back on ice.
13:23 of 2nd period - Wrist shot by Ilya Mikheyev.
13:23 of 2nd period - Stopped by Jake Oettinger without a rebound.
13:24 of 2nd period - Noel Acciari wins face-off versus Fabian Zetterlund in Washington Capitals zone.
13:27 of 2nd period - Slapshot by Eeli Tolvanen.
13:27 of 2nd period - Stopped by Jake Oettinger with a rebound.
13:39 of 2nd period - Slapshot by Ilya Mikheyev.
13:39 of 2nd period - Shot Blocked by Yegor Chinakhov.
13:41 of 2nd period - Slapshot by Christopher Tanev.
13:41 of 2nd period - Shot Misses the Net.
13:51 of 2nd period - Snap shot by Ilya Mikheyev.
13:51 of 2nd period - Shot Misses the Net.
14:03 of 2nd period - Snap shot by Michael McLeod.
14:03 of 2nd period - Deflect By Yegor Chinakhov.
14:03 of 2nd period - Shot Misses the Net.
14:03 of 2nd period - Puck is out of play.
14:04 of 2nd period - Alex Ovechkin wins face-off versus Adam Henrique in San Jose Sharks zone.
14:07 of 2nd period - Snap shot by Jason Robertson.
14:07 of 2nd period - Goal by Jason Robertson - Washington Capitals : 4 - San Jose Sharks : 0.
14:08 of 2nd period - Nico Hischier wins face-off versus Kevin Fiala in neutral zone.
14:11 of 2nd period - Calle Jarnkrok is hit by Derek Forbort and loses puck.
15:01 of 2nd period - Snap shot by Owen Tippett.
15:01 of 2nd period - Shot Misses the Net.
15:21 of 2nd period - Jordan Kyrou is hit by Eeli Tolvanen and loses puck.
15:26 of 2nd period - Snap shot by Ilya Mikheyev.
15:26 of 2nd period - Stopped by Jake Oettinger with a rebound.
16:23 of 2nd period - Calle Jarnkrok is hit by Ian Cole and loses puck.
16:32 of 2nd period - Slapshot by Kevin Fiala.
16:32 of 2nd period - Stopped by Jake Oettinger with a rebound.
16:38 of 2nd period - Christopher Tanev is hit by Fabian Zetterlund and loses puck.
16:53 of 2nd period - Snap shot by Jason Robertson.
16:53 of 2nd period - Stopped by Stuart Skinner without a rebound.
16:54 of 2nd period - Jonathan Drouin wins face-off versus Nico Hischier in San Jose Sharks zone.
17:11 of 2nd period - Icing by Jonathan Drouin.
17:12 of 2nd period - Mikael Backlund wins face-off versus Ryan Johansen in San Jose Sharks zone.
17:20 of 2nd period - Off-side.
17:21 of 2nd period - Adam Henrique wins face-off versus Mikael Backlund in neutral zone.
17:23 of 2nd period - Off-side.
17:24 of 2nd period - Adam Henrique wins face-off versus Drake Batherson in neutral zone.
17:27 of 2nd period - Slapshot by Marcus Pettersson.
17:27 of 2nd period - Stopped by Jake Oettinger with a rebound.
17:29 of 2nd period - Slapshot by Calle Jarnkrok.
17:29 of 2nd period - Stopped by Jake Oettinger without a rebound.
17:30 of 2nd period - Mikael Backlund wins face-off versus Adam Henrique in Washington Capitals zone.
17:30 of 2nd period - Mikael Backlund is hit by Adam Henrique.
18:09 of 2nd period - Backhand shot by Brad Marchand.
18:09 of 2nd period - Stopped by Stuart Skinner without a rebound.
18:10 of 2nd period - Nico Hischier wins face-off versus Ryan Johansen in San Jose Sharks zone.
18:11 of 2nd period - Snap shot by Alex Ovechkin.
18:11 of 2nd period - Shot Misses the Net.
18:25 of 2nd period - Wrist shot by Jonathan Drouin.
18:25 of 2nd period - Shot Misses the Net.
19:25 of 2nd period - Icing by Drake Batherson.
19:26 of 2nd period - Mikael Backlund wins face-off versus Max Domi in Washington Capitals zone.
19:41 of 2nd period - Wrist shot by Drake Batherson.
19:41 of 2nd period - Stopped by Stuart Skinner with a rebound.
19:53 of 2nd period - Wrist shot by Drake Batherson.
19:53 of 2nd period - Shot Misses the Net.
19:55 of 2nd period - Wrist shot by Mikael Backlund.
19:55 of 2nd period - Stopped by Stuart Skinner with a rebound.
19:57 of 2nd period - Backhand shot by Drake Batherson.
19:57 of 2nd period - Shot Blocked by Nick Perbix.
19:59 of 2nd period - Slapshot by Drake Batherson.
19:59 of 2nd period - Shot Misses the Net.
Goals for this period are 2 for Washington Capitals vs 0 for San Jose Sharks.
Shots for this period are 13 for Washington Capitals vs 14 for San Jose Sharks.
3rd period
0:01 of 3rd period - Nico Hischier wins face-off versus Ryan Johansen in neutral zone.
0:34 of 3rd period - Slapshot by Jordan Kyrou.
0:34 of 3rd period - Stopped by Stuart Skinner without a rebound.
0:35 of 3rd period - Nick Foligno wins face-off versus Adam Henrique in San Jose Sharks zone.
0:36 of 3rd period - Slapshot by Owen Tippett.
0:36 of 3rd period - Shot Blocked by Dmitry Orlov.
0:38 of 3rd period - Slapshot by Ian Cole.
0:38 of 3rd period - Deflect By Kevin Fiala.
0:38 of 3rd period - Stopped by Stuart Skinner with a rebound.
0:45 of 3rd period - Snap shot by Jordan Kyrou.
0:45 of 3rd period - Stopped by Stuart Skinner with a rebound.
1:19 of 3rd period - Wrist shot by Owen Tippett.
1:19 of 3rd period - Shot Misses the Net.
1:21 of 3rd period - Wrist shot by Nick Jensen.
1:21 of 3rd period - Deflect By Jordan Kyrou.
1:21 of 3rd period - Stopped by Stuart Skinner with a rebound.
1:23 of 3rd period - Snap shot by Nick Foligno.
1:23 of 3rd period - Stopped by Stuart Skinner with a rebound.
1:53 of 3rd period - Max Domi is hit by Nick Foligno and loses puck.
2:02 of 3rd period - Snap shot by Owen Tippett.
2:02 of 3rd period - Stopped by Stuart Skinner without a rebound.
2:03 of 3rd period - Ryan Johansen wins face-off versus Nico Hischier in San Jose Sharks zone.
2:14 of 3rd period - Snap shot by Alex Ovechkin.
2:14 of 3rd period - Shot Misses the Net.
2:16 of 3rd period - Slapshot by Derek Forbort.
2:16 of 3rd period - Shot Misses the Net.
2:18 of 3rd period - Snap shot by Nico Hischier.
2:18 of 3rd period - Stopped by Stuart Skinner with a rebound.
2:20 of 3rd period - Snap shot by Jason Robertson.
2:20 of 3rd period - Shot Misses the Net.
2:30 of 3rd period - Brad Marchand is hit by Adam Henrique and loses puck.
2:41 of 3rd period - Slapshot by Adam Henrique.
2:41 of 3rd period - Stopped by Jake Oettinger without a rebound.
2:42 of 3rd period - Ryan Johansen wins face-off versus Jason Robertson in Washington Capitals zone.
2:53 of 3rd period - Snap shot by Alex Ovechkin.
2:53 of 3rd period - Shot Misses the Net.
4:00 of 3rd period - Alex Ovechkin is hit by Matthew Knies and loses puck.
4:23 of 3rd period - Dmitry Orlov is hit by Brad Marchand and loses puck.
4:46 of 3rd period - Wrist shot by Ryan Johansen.
4:46 of 3rd period - Stopped by Jake Oettinger with a rebound.
5:06 of 3rd period - Owen Tippett is hit by Calle Jarnkrok and loses puck.
5:41 of 3rd period - Minor Penalty to Max Domi for Tripping.
5:42 of 3rd period - Adam Henrique wins face-off versus Drake Batherson in San Jose Sharks zone.
7:41 of 3rd period - Penalty to Max Domi is over, Max Domi is back on ice.
7:49 of 3rd period - Icing by Noel Acciari.
7:50 of 3rd period - Noel Acciari wins face-off versus Michael McLeod in San Jose Sharks zone.
8:21 of 3rd period - Snap shot by Owen Tippett.
8:21 of 3rd period - Shot Misses the Net.
9:07 of 3rd period - Eeli Tolvanen is hit by Fabian Zetterlund and loses puck.
9:38 of 3rd period - Snap shot by Brad Marchand.
9:38 of 3rd period - Stopped by Stuart Skinner with a rebound.
9:42 of 3rd period - Snap shot by Drake Batherson.
9:42 of 3rd period - Deflect By Matthew Knies.
9:42 of 3rd period - Goal by Drake Batherson - Washington Capitals : 5 - San Jose Sharks : 0.
9:43 of 3rd period - Adam Henrique wins face-off versus Nico Hischier in neutral zone.
9:48 of 3rd period - Snap shot by Kevin Fiala.
9:48 of 3rd period - Shot Blocked by Jamie Oleksiak.
9:50 of 3rd period - Slapshot by Christopher Tanev.
9:50 of 3rd period - Deflect By Nico Hischier.
9:50 of 3rd period - Goal by Christopher Tanev - Washington Capitals : 5 - San Jose Sharks : 1.
9:51 of 3rd period - Adam Henrique wins face-off versus Nico Hischier in neutral zone.
9:57 of 3rd period - Icing by Alex Ovechkin.
9:58 of 3rd period - Nico Hischier wins face-off versus Adam Henrique in Washington Capitals zone.
10:05 of 3rd period - Snap shot by Adam Henrique.
10:05 of 3rd period - Shot Misses the Net.
10:07 of 3rd period - Slapshot by Calle Jarnkrok.
10:07 of 3rd period - Shot Misses the Net.
10:39 of 3rd period - Jonathan Drouin is hit by Thomas Harley and loses puck.
11:12 of 3rd period - Wrist shot by Michael McLeod.
11:12 of 3rd period - Shot Blocked by Adam Henrique.
11:14 of 3rd period - Slapshot by Nick Jensen.
11:14 of 3rd period - Deflect By Yegor Chinakhov.
11:14 of 3rd period - Shot Blocked by Marcus Pettersson.
11:14 of 3rd period - Puck is out of play.
11:15 of 3rd period - Adam Henrique wins face-off versus Michael McLeod in San Jose Sharks zone.
11:22 of 3rd period - Slapshot by Yegor Chinakhov.
11:22 of 3rd period - Deflect By Michael McLeod.
11:22 of 3rd period - Shot Misses the Net.
11:22 of 3rd period - Puck is out of play.
11:23 of 3rd period - Nico Hischier wins face-off versus Kevin Fiala in San Jose Sharks zone.
11:24 of 3rd period - Wrist shot by Alex Ovechkin.
11:24 of 3rd period - Stopped by Stuart Skinner with a rebound.
12:15 of 3rd period - Snap shot by Jason Robertson.
12:15 of 3rd period - Deflect By Alex Ovechkin.
12:15 of 3rd period - Stopped by Stuart Skinner without a rebound.
12:16 of 3rd period - Mikael Backlund wins face-off versus Adam Henrique in San Jose Sharks zone.
12:42 of 3rd period - Off-side.
12:43 of 3rd period - Ryan Johansen wins face-off versus Michael McLeod in neutral zone.
12:46 of 3rd period - Alec Martinez is hit by Fabian Zetterlund and loses puck.
12:50 of 3rd period - Michael McLeod beats up Alec Martinez.
12:50 of 3rd period - Penalty to Alec Martinez for Fighting.
12:50 of 3rd period - Penalty to Michael McLeod for Fighting.
12:51 of 3rd period - Adam Henrique wins face-off versus Nico Hischier in San Jose Sharks zone.
13:30 of 3rd period - Snap shot by Drake Batherson.
13:30 of 3rd period - Shot Misses the Net.
13:37 of 3rd period - Max Domi and Nick Foligno fight to a draw.
13:37 of 3rd period - Penalty to Max Domi for Fighting.
13:37 of 3rd period - Penalty to Nick Foligno for Fighting.
13:38 of 3rd period - Adam Henrique wins face-off versus Nico Hischier in neutral zone.
14:03 of 3rd period - Jamie Oleksiak is hit by Connor Murphy and loses puck.
14:15 of 3rd period - Minor Penalty to Ilya Mikheyev for High sticking.
14:16 of 3rd period - Brad Marchand wins face-off versus Ryan Johansen in San Jose Sharks zone.
14:22 of 3rd period - Wrist shot by Brad Marchand.
14:22 of 3rd period - Shot Misses the Net.
14:24 of 3rd period - Slapshot by Nick Jensen.
14:24 of 3rd period - Shot Misses the Net.
14:26 of 3rd period - Slapshot by Nick Jensen.
14:26 of 3rd period - Shot Misses the Net.
15:12 of 3rd period - Jonathan Drouin is hit by Jason Robertson and loses puck.
15:41 of 3rd period - Icing by Brad Marchand.
15:42 of 3rd period - Adam Henrique wins face-off versus Drake Batherson in Washington Capitals zone.
16:15 of 3rd period - Penalty to Ilya Mikheyev is over, Ilya Mikheyev is back on ice.
16:38 of 3rd period - Snap shot by Kevin Fiala.
16:38 of 3rd period - Shot Misses the Net.
16:40 of 3rd period - Wrist shot by Marcus Pettersson.
16:40 of 3rd period - Shot Blocked by John Carlson.
16:42 of 3rd period - Snap shot by Kevin Fiala.
16:42 of 3rd period - Shot Blocked by Nick Jensen.
16:44 of 3rd period - Snap shot by Marcus Pettersson.
16:44 of 3rd period - Shot Misses the Net.
16:46 of 3rd period - Snap shot by Marcus Pettersson.
16:46 of 3rd period - Shot Blocked by Nick Jensen.
16:48 of 3rd period - Snap shot by Adam Henrique.
16:48 of 3rd period - Shot Misses the Net.
16:56 of 3rd period - Ilya Mikheyev is hit by Nick Jensen.
17:12 of 3rd period - Wrist shot by Thomas Harley.
17:12 of 3rd period - Stopped by Stuart Skinner without a rebound.
17:13 of 3rd period - Ryan Johansen wins face-off versus Mikael Backlund in San Jose Sharks zone.
17:40 of 3rd period - Snap shot by Jason Robertson.
17:40 of 3rd period - Stopped by Stuart Skinner without a rebound.
17:41 of 3rd period - Ryan Johansen wins face-off versus Nico Hischier in San Jose Sharks zone.
17:50 of 3rd period - Wrist shot by Brandon Tanev.
17:50 of 3rd period - Shot Blocked by Derek Forbort.
18:00 of 3rd period - Thomas Harley is hit by Noel Acciari and loses puck.
18:22 of 3rd period - Snap shot by Brad Marchand.
18:22 of 3rd period - Stopped by Stuart Skinner with a rebound.
18:36 of 3rd period - Owen Tippett is hit by Marcus Pettersson and loses puck.
18:58 of 3rd period - Icing by Jamie Oleksiak.
18:59 of 3rd period - Michael McLeod wins face-off versus Max Domi in Washington Capitals zone.
19:32 of 3rd period - Slapshot by Ryan Johansen.
19:32 of 3rd period - Shot Misses the Net.
19:51 of 3rd period - Icing by Ilya Mikheyev.
19:52 of 3rd period - Adam Henrique wins face-off versus Nico Hischier in San Jose Sharks zone.
Goals for this period are 1 for Washington Capitals vs 1 for San Jose Sharks.
Shots for this period are 14 for Washington Capitals vs 3 for San Jose Sharks.
Back to the Top